 Seeded DCSS version 0.30.0-29-ga12c61a403 (webtiles) character file.

Game seed: 7229806256980976716 (custom seed)

25 OTABOTABOTAB the Shield-Bearer (level 3, 19/19 HPs)
             Began as a Vine Stalker Fighter on June 22, 2023.
             Quit the game on level 1 of the Dungeon.
             The game lasted 00:01:17 (712 turns).

OTABOTABOTAB the Shield-Bearer (VSFi)                Turns: 712, Time: 00:01:18

Health: 19/19      AC:  6    Str: 20    XL:     3   Next: 4%
Magic:  4/4        EV:  9    Int:  8    God:
Gold:   973        SH:  7    Dex: 13    Spells: 2/2 levels left

rFire   . . .        m - +4 quick blade (venom)
rCold   . . .        n - +3 warlock's mirror {omnireflect}
rNeg    . . .        b - +0 scale mail
rPois   .            (no helmet)
rElec   .            (no cloak)
rCorr   .            (no gloves)
SInv    .            (no boots)
Will    .....        (no amulet) Stlth
                     (no ring)
HPRegen 0.23/turn    (no ring)
MPRegen 0.09/turn

%: reflection, guardian spirit
@: no status effects
A: fangs 2, magic shield, antimagic bite, no potion heal 2
a: no special abilities


You were on level 1 of the Dungeon.
You visited 1 branch of the dungeon, and saw 1 of its levels.

You collected 973 gold pieces.

Inventory:

Hand Weapons
 m - a +4 quick blade of venom (weapon)
   (You acquired it on level 1 of the Dungeon)
Missiles
 e - a throwing net (quivered) {!d}
Armour
 b - a +0 scale mail (worn)
 c - a +0 buckler
 n - the +3 warlock's mirror (worn) {omnireflect}
   (You acquired it on level 1 of the Dungeon)

   Omnireflect: It can block and reflect piercing ranged attacks and magical
   attacks against the wielder's willpower.
Scrolls
 f - 2 scrolls of amnesia {unknown}
 g - a scroll of blinking {unknown}
 i - 2 scrolls of identify {unknown}
 j - a scroll of enchant armour {unknown}
 k - a scroll of teleportation {unknown}
Potions
 d - 2 potions of might
 h - a potion of mutation {unknown}


   Skills:
 + Level 2.8 Fighting
 * Level 2.3 Short Blades
 + Level 2.7 Armour
 + Level 3.0 Shields


You had 2 spell levels left.
You didn't know any spells.
Your spell library was empty.

Dungeon Overview and Level Annotations

Branches:
Dungeon (1/15)

Altars:


Innate Abilities, Weirdness & Mutations

You have extremely sharp teeth.
When hurt, damage is shared between your health and your magic reserves.
Your bite disrupts and absorbs the magic of your enemies.
Potions cannot restore your health.


Message History

You completely miss the jackal. Your bite misses the jackal.
The jackal closely misses you.
There are monsters nearby!
You barely miss the jackal.
A goblin comes into view. It is wielding a +0 dagger.
You hit the jackal.
You kill the jackal!
The jackal barely misses you.
You closely miss the jackal. The jackal bites you.
The jackal bites you but does no damage.
You hit the jackal.
The jackal is moderately wounded.
The jackal closely misses you.
You puncture the jackal!
You kill the jackal!
You see here a jackal corpse.
You barely miss the goblin. The goblin hits you but does no damage.
You hit the goblin. You bite the goblin.
You kill the goblin!
No target in view!
No target in view!
No target in view!
No target in view!
No target in view!
No target in view!
No target in view!
No target in view!
No target in view!
No target in view!
No target in view!
No target in view!
No target in view!
No target in view!
A ball python comes into view.
A ball python is nearby!
The ball python bites you. The ball python barely misses you.
A ball python is nearby!
You hit the ball python.
You kill the ball python!
You have reached level 3!
Your experience leads to an increase in your attributes!
Increase (S)trength, (I)ntelligence, or (D)exterity?
You feel stronger. x2
A giant cockroach comes into view.
Found 13 gold pieces.
A giant cockroach is nearby!
The giant cockroach bites you but does no damage.
A giant cockroach is nearby!
You hit the giant cockroach.
The giant cockroach is moderately wounded.
The giant cockroach completely misses you.
A giant cockroach is nearby!
You hit the giant cockroach.
You kill the giant cockroach!
You now have 50 gold pieces (gained 13).
Found a whip.
No target in view!
Found 3 stones.
No target in view!
k - a scroll labelled WUBBUN RUOS No target in view!
No target in view!
You see here 3 stones.
l - 3 scrolls labelled RAGIOR NADERHA No target in view!
You see here 3 stones.
You see here a jackal skeleton.
Done exploring.
No target in view!
Done exploring.
No target in view!
Done exploring.
No target in view!
Done exploring.
No target in view!
This is a scroll of acquirement!
Something appears at your feet!
m - a +4 quick blade of venom Saving game... please wait.
Bad channel name 'Jiyva says' for runrest: 'Jiyva says: Divide and consume' Welcome back, OTABOTABOTAB the Vine Stalker Fighter.
Game seed: 7229806256980976716 (custom seed)
Something appears at your feet!
n - the +3 warlock's mirror {omnireflect} Your +4 quick blade of venom begins to drip with poison!
m - a +4 quick blade of venom (weapon)
Your +4 quick blade of venom stops dripping with poison.
You are now empty-handed.
Your +4 quick blade of venom begins to drip with poison!
m - a +4 quick blade of venom (weapon)
You drop a +0 rapier.
You start removing your armour.
You continue taking off your +0 buckler. x4
You finish taking off your +0 buckler.
You start putting on your armour.
You continue putting on the +3 warlock's mirror {omnireflect}. x5
You finish putting on the +3 warlock's mirror {omnireflect}.
Okay, then.
Something appears at your feet!
You now have 973 gold pieces (gained

923).
####.#............÷#####.#
#.......####..##.#.# #.##
#.##.##.# ##.##.#.# #..#
###.##.##.#####.##.#.######.#
.............#...#.#....# #.#
## ###.#..##.##..###..####.#
#.# #. #..#.##.##..# #..# #.#
#.# #. #.###>..###.###.## #.#
#.##### ##.#.#### ##..@## #.#
#...... ##.## ##.##
#.###..#### #.# #.####
#......### #.# #....#
#.##.....# #.# #....#
#.##.###.## #.#
###....####....# #...
#.#######...........##.###.##
#.†)...........†..####.....#
#.#######................###


There were no monsters in sight!

Vanquished Creatures
  2 ball pythons (D:1)
  3 bats (D:1)
  2 giant cockroaches (D:1)
  A goblin (D:1)
  2 hobgoblins (D:1)
  6 jackals (D:1)
  2 quokkas (D:1)
  A frilled lizard (D:1)
  A rat (D:1)
20 creatures vanquished.

Notes
Turn   | Place    | Note
-------+----------+-------------------------------------------
     0 | D:1      | OTABOTABOTAB the Vine Stalker Fighter began the quest for
                  | the Orb.
     0 | D:1      | Reached XP level 1. HP: 11/11 MP: 2/2
   346 | D:1      | Reached skill level 2 in Short Blades
   346 | D:1      | Reached XP level 2. HP: 16/16 MP: 3/3
   396 | D:1      | Reached skill level 3 in Shields
   557 | D:1      | Reached XP level 3. HP: 18/19 MP: 4/4
   692 | D:1      | Identified 3 scrolls of acquirement
   692 | D:1      | Acquired a +4 quick blade of venom
   694 | D:1      | Acquired the +3 warlock's mirror {omnireflect}
   694 | D:1      | Found the +3 warlock's mirror {omnireflect}
   710 | D:1      | Acquired 923 gold pieces
   712 | D:1      | Quit the game

Illustrated notes

Levels and vault maps discovered:
D:1:      spicycebolla_arrival_ecumenical, layout_loops_ring

Skill      XL: |  1  2 |
---------------+-------+-----
Short Blades   | 2 |  2.3
Shields        | 3 |  3.0
Fighting       | |  2.8
Armour         | |  2.7

Action                     || total
---------------------------++-------
  Melee: Rapier            ||    82
         Bite              ||     7
    Use: Scroll            ||     3
 Armour: Scale mail        ||    35
  Dodge: Dodged            ||    44
  Block: Buckler           ||    16

Levels and vault maps discovered:
D:1:      spicycebolla_arrival_ecumenical, layout_loops_ring

Table legend: (Time is in decaauts)
 A = Elapsed time spent in this place.
 B = Non-inter-level travel time spent in this place.
 C = Inter-level travel time spent in this place.
 D = Time resting spent in this place.
 E = Time spent auto-exploring this place.
 F = Levels seen in this place.
 G = Mean time per level.
                   A        B        C        D        E       F      G
               +--------+--------+--------+--------+--------+-----+--------+
         Total |    721 |    721 |      0 |      0 |    555 |   1 |  721.0 |
       Dungeon |    721 |    721 |      0 |      0 |    555 |   1 |  721.0 |
               +--------+--------+--------+--------+--------+-----+--------+

Top non-repeatable levels by time:
     D:1: 721 daAuts

Table legend:
 A = Kills in this place as a percentage of kills in the entire game.
 B = Kills by you in this place as a percentage of kills by you in the entire game.
 C = Kills by friends in this place as a percentage of kills by friends in the entire game.
 D = Other kills in this place as a percentage of other kills in the entire game.
 E = Experience gained in this place as a percentage of experience gained in the entire game.
 F = Experience gained in this place divided by the number of levels of this place that you have seen.
                   A       B       C       D       E      F
               +-------+-------+-------+-------+-------+----------------------
         Total | 100.0 | 100.0 |   N/A |   N/A | 100.0 |  36.0
       Dungeon | 100.0 | 100.0 |   N/A |   N/A | 100.0 |  36.0
               +-------+-------+-------+-------+-------+----------------------
